AoeStats
← LVDB_ElGusano

Nomad

509982510Analyzed
2v2 RM · 2d ago on Sep 28, 2026· 20m 41s· 4 players
Game mode
Random Map
Map size
176×176
Population
200
Speed
Normal
Resources
Standard
Victory
Conquest
Starting age
Dark Age
Ending age
Imperial Age
RankedLock teamsTeams togetherTeam positionsShared explorationLock speedFull tech treeHidden civsTurbo modeCheats
Victory
Defeat
🇦🇷 Teutons · Argentina
1465
+18
🇦🇷 Malay · Argentina
1458
+18
🇩🇪 Vikings · Germany
1562
-21
🇩🇪 Italians · Germany
1443
-15
LVDB_ElGusano
4:32 Loom
12:01 Feudal Age
12:40 Town Watch
15:55 Castle Age
14:28 Double-Bit Axe
18:11 Bow Saw
LVDB_Mastropiero
2:59 Loom
13:26 Feudal Age
16:45 Double-Bit Axe
19:19 Castle Age
18:55 Town Watch
Red_Iffun
3:44 Loom
13:37 Feudal Age
16:20 Double-Bit Axe
20:27 Castle Age
18:36 Fishing Lines
MatzeAoE
14:50 Feudal Age
15:35 Double-Bit Axe
20:31 Castle Age
18:25 Fishing Lines
20:15 Gold Mining
Connection lost

Rejoining the realm…

Still unreachable

The connection could not be restored.

Session expired

The server has moved on; the page needs a fresh start.